[Event "Titled Tuesday Blitz November 08 Early 2022"]
[White "Shuvalov, Evgenij"]
[Black "Peyrer, Konstantin"]
[WhiteFideId "4187237"]
[BlackFideId "1640879"]
[WhiteElo "2565"]
[BlackElo "2749"]
[Result "0-1"]
[Round "09"]
[TimeControl "180+1"]
[Date "2022.11.09"]
[WhiteClock "0:00:06"]
[BlackClock "0:00:30"]

1. d4 Nf6 2. c4 e6 3. Nf3 b6 4. g3 Ba6 5. Nbd2 d5 6. cxd5 exd5 7. Bg2 Bd6 8. O-O O-O 9. Ne5 Re8 10. Ndf3 h6 11. Re1 c5 12. Be3 Nbd7 13. Nxd7 Qxd7 14. Rc1 Rac8 15. Qd2 Ne4 16. Qd1 Qe6 17. Nd2 cxd4 18. Rxc8 Rxc8 19. Bxd4 Bb4 20. Bxe4 dxe4 21. a3 Bc5 22. Bxc5 Rxc5 23. Qa4 e3 24. Ne4 exf2+ 25. Nxf2 Bb7 26. e4 a6 27. Qb4 Rc4 28. Qd2 h5 29. Qd3 h4 30. Qd8+ Kh7 31. Qxh4+ Kg8 32. Qd8+ Kh7 33. Qh4+ Kg6 34. Nh3 Rxe4 35. Nf4+ Kf5 36. Qh3+ Kf6 37. Nxe6 Rxe1+ 38. Kf2 Rxe6 39. Qh4+ Kg6 40. Qd4 Rf6+ 41. Ke1 Kh7 42. h4 a5 43. g4 Re6+ 44. Kd2 Be4 45. h5 f6 46. Qd7 Re5 47. b4 Rd5+ 48. Qxd5 Bxd5 49. Kc3 Bf3 50. g5 fxg5 51. Kc4 Bc6 0-1


[Site "https://www.chess.com"]

[Event "Titled Tuesday Blitz November 08 Early 2022"]
[White "Shuvalova, Polina"]
[Black "Urazayev, Arystanbek"]
[WhiteFideId "24171760"]
[BlackFideId "13709810"]
[WhiteElo "2659"]
[BlackElo "2861"]
[Result "0-1"]
[Round "09"]
[TimeControl "180+1"]
[Date "2022.11.09"]
[WhiteClock "0:00:01"]
[BlackClock "0:00:04"]

1. d4 d5 2. Nf3 e6 3. Bf4 c5 4. e3 Nc6 5. Nbd2 Nf6 6. c3 Nh5 7. Bg5 Qb6 8. Ne5 Nxe5 9. dxe5 g6 10. Be2 Ng7 11. c4 Be7 12. Bxe7 Kxe7 13. Nb3 Rd8 14. Qc1 Qb4+ 15. Kf1 dxc4 16. Qxc4 Qxc4 17. Bxc4 b6 18. Ke2 Bb7 19. f3 Bd5 20. Rac1 Bxc4+ 21. Rxc4 Rd5 22. f4 Rad8 23. g4 Ne8 24. h4 Ng7 25. Rc2 h5 26. gxh5 Nxh5 27. Kf3 a5 28. Rhh2 a4 29. Nd2 b5 30. b3 axb3 31. axb3 Rc8 32. Ne4 Ng7 33. Rc3 Nf5 34. h5 b4 35. Rc1 Rd3 36. Nd6 Nxd6 37. exd6+ Kxd6 38. hxg6 fxg6 39. Rb1 e5 40. Ke4 Rd5 41. Rh6 Rg8 42. Rg1 Rd2 43. Rgxg6+ Rxg6 44. Rxg6+ Ke7 45. Kxe5 Rd3 46. e4 Rxb3 47. f5 Rf3 48. Rc6 Rc3 49. f6+ Kf7 50. Rc7+ Kg6 51. Rg7+ Kh6 52. Rg4 b3 53. f7 Rf3 54. Ke6 b2 55. Rg1 c4 56. Ke7 c3 57. Rh1+ Kg5 58. Rg1+ Kh4 59. Rh1+ Kg3 60. Rg1+ Kh2 61. Rb1 Kg3 62. Rg1+ Kf2 63. Rb1 Ke3 64. e5 c2 65. Rxb2 Rxf7+ 66. Kxf7 c1=Q 67. Rb6 Qc4+ 0-1


[Site "https://www.chess.com"]

[Event "Titled Tuesday Blitz November 08 Early 2022"]
[White "Sibilio, Mario"]
[Black "Kodinets, Konstantin L."]
[WhiteFideId "800422"]
[BlackFideId "4122011"]
[WhiteElo "2251"]
[BlackElo "2447"]
[Result "1-0"]
[Round "09"]
[TimeControl "180+1"]
[Date "2022.11.09"]
[WhiteClock "0:00:09"]
[BlackClock "0:00:41"]

1. d4 d6 2. Nf3 Nf6 3. g3 Nbd7 4. c4 c6 5. Nc3 e5 6. d5 cxd5 7. cxd5 Be7 8. Bg2 O-O 9. O-O a6 10. a4 Ne8 11. e4 g6 12. Bh6 Ng7 13. Qd2 Nf6 14. h3 Kh8 15. a5 Ng8 16. Be3 Bd7 17. Na4 Bxa4 18. Rxa4 f5 19. Bb6 Qd7 20. exf5 gxf5 21. Rc4 Rac8 22. Rfc1 Rxc4 23. Rxc4 Bd8 24. Ng5 h6 25. Ne6 Nxe6 26. dxe6 Qxe6 27. Bd5 Qf6 28. Bxb7 Bxb6 29. axb6 Rb8 30. Bd5 Ne7 31. b7 e4 32. Rc7 Kg7 33. Bb3 Rd8 34. Qc3 Qxc3 35. Rxe7+ Kf6 36. Rf7+ Kg6 37. bxc3 d5 38. Rc7 d4 39. cxd4 Rb8 40. Bd5 a5 41. Rc8 Rxb7 42. Bxb7 a4 43. Bd5 h5 44. Rc6+ Kg5 45. h4+ Kg4 46. Kg2 f4 47. Be6# 1-0


[Site "https://www.chess.com"]

[Event "Titled Tuesday Blitz November 08 Early 2022"]
[White "Simonovic, Miroslav"]
[Black "Buscar, Michael"]
[WhiteFideId "919152"]
[BlackFideId "2603616"]
[WhiteElo "2043"]
[BlackElo "2010"]
[Result "0-1"]
[Round "09"]
[TimeControl "180+1"]
[Date "2022.11.09"]
[WhiteClock "0:00:07"]
[BlackClock "0:00:25"]

1. d4 Nf6 2. Bg5 e6 3. e4 Be7 4. Bxf6 Bxf6 5. e5 Be7 6. Qg4 g5 7. h4 gxh4 8. Nd2 b6 9. Bd3 Ba6 10. Qe4 c6 11. Bxa6 Nxa6 12. O-O-O d5 13. exd6 Qxd6 14. Ngf3 Nb4 15. a3 Nd5 16. Nxh4 Qf4 17. Qxf4 Nxf4 18. g3 Ne2+ 19. Kb1 Nxd4 20. Ne4 O-O-O 21. c3 Nb3 22. Nf3 Kc7 23. Kc2 Nc5 24. Rxd8 Kxd8 25. Neg5 Ke8 26. b4 f6 27. Nxh7 Ne4 28. Nd4 Nxf2 29. Rh5 Ne4 30. Nxe6 Nxg3 31. Rh3 Ne4 32. Nhg5 Rxh3 33. Nxh3 Kd7 34. Nd4 Ng5 35. Nf4 Bd6 36. Ng6 Ne6 37. Nf5 Be5 38. c4 Nd4+ 39. Nxd4 Bxd4 40. Kd3 c5 41. bxc5 Bxc5 42. a4 Bd6 43. Ke4 Kc6 44. Nh4 Kc5 45. Nf5 Bf8 46. Ne3 Kb4 47. Nd5+ Kxa4 48. Nxf6 Bc5 49. Kd5 Kb3 50. Nd7 a5 51. Nxc5+ bxc5 52. Kxc5 a4 53. Kd5 a3 54. c5 a2 55. c6 a1=Q 56. c7 Qh8 57. Kd6 Qc8 58. Kc6 Kc4 59. Kb6 Kd5 60. Ka7 Qxc7+ 61. Ka8 Qc6+ 62. Ka7 Qd7+ 63. Kb8 Kc6 64. Ka8 Qb7# 0-1


[Site "https://www.chess.com"]

[Event "Titled Tuesday Blitz November 08 Early 2022"]
[White "Sovetbekova, Nurai"]
[Black "Jiganchine, Roman"]
[WhiteFideId "13801910"]
[BlackFideId "2603667"]
[WhiteElo "1925"]
[BlackElo "2334"]
[Result "1-0"]
[Round "09"]
[TimeControl "180+1"]
[Date "2022.11.09"]
[WhiteClock "0:01:11"]
[BlackClock "0:02:08"]

1. d4 d5 2. c4 e6 3. Nf3 Nf6 4. g3 c6 5. Bg2 Be7 6. O-O O-O 7. Nc3 b6 8. Qd3 Nbd7 9. e4 Bb7 10. e5 Ne8 11. cxd5 cxd5 12. Be3 Rc8 13. Rac1 Nb8 14. Qd2 Nc6 15. Rfd1 h6 16. Ne1 Na5 17. b3 Ba3 18. Rc2 Nc7 19. Nd3 Qe7 20. Nb1 Bb4 21. Qxb4 Qxb4 22. Nxb4 Nb5 23. Rdc1 Rxc2 24. Rxc2 1-0


[Site "https://www.chess.com"]

[Event "Titled Tuesday Blitz November 08 Early 2022"]
[White "Sreyas Payyappat"]
[Black "Sernecki, Franciszek"]
[WhiteFideId "46674969"]
[BlackFideId "1169297"]
[WhiteElo "2083"]
[BlackElo "2210"]
[Result "0-1"]
[Round "09"]
[TimeControl "180+1"]
[Date "2022.11.09"]
[WhiteClock "0:00:22"]
[BlackClock "0:02:07"]

1. e4 e6 2. d4 d5 3. Nc3 Bb4 4. e5 Ne7 5. a3 Bxc3+ 6. bxc3 c5 7. Qg4 g6 8. Bd3 Qa5 9. Bd2 Qa4 10. Ra2 b6 11. Nf3 Ba6 12. O-O h5 13. Qg5 Bxd3 14. cxd3 Nf5 15. Qf6 Rf8 16. Ng5 Nd7 17. Nxe6 Nxf6 18. Nc7+ Kd7 19. Nxa8 Ng8 20. dxc5 Rxa8 21. Rb1 bxc5 22. h3 Kc6 23. Rab2 Qxa3 24. Rb7 Nge7 25. Bf4 Qa6 26. R7b2 Ng7 27. Bg5 Nc8 28. d4 Ne6 29. Be3 c4 30. f4 Nb6 31. g4 Nd7 32. f5 Nc7 33. Bf4 hxg4 34. hxg4 gxf5 35. gxf5 Rb8 36. Rxb8 Nxb8 37. Rxb8 Qa1+ 38. Kf2 Qxc3 39. e6 fxe6 40. Rc8 Qxd4+ 41. Be3 Qb2+ 42. Kf3 exf5 43. Bf4 Qc3+ 44. Kf2 Qd4+ 45. Kf3 Qe4+ 46. Kg3 Qe1+ 47. Kf3 Qe7 48. Kg3 Kb7 49. Rxc7+ Qxc7 50. Bxc7 Kxc7 51. Kf4 c3 52. Ke3 c2 53. Kd3 f4 54. Kxc2 f3 55. Kd3 a5 56. Ke3 a4 57. Kxf3 a3 58. Ke3 a2 59. Kd4 Kd6 60. Kd3 a1=Q 61. Kc2 Qd4 62. Kb3 Qc4+ 63. Kb2 d4 64. Ka3 Qb5 65. Ka2 Qb4 66. Ka1 d3 67. Ka2 d2 68. Ka1 Kd5 69. Ka2 Kd4 70. Ka1 Kc3 71. Ka2 Qb3+ 72. Ka1 d1=R# 0-1


[Site "https://www.chess.com"]

[Event "Titled Tuesday Blitz November 08 Early 2022"]
[White "Svane, Rasmus"]
[Black "Artemiev, Vladislav"]
[WhiteFideId "4657101"]
[BlackFideId "24101605"]
[WhiteElo "2674"]
[BlackElo "2802"]
[Result "1-0"]
[Round "09"]
[TimeControl "180+1"]
[Date "2022.11.08"]
[WhiteClock "0:00:07"]
[BlackClock "0:00:01"]

1. Nf3 d5 2. g3 g6 3. Bg2 Bg7 4. d4 Nf6 5. O-O O-O 6. c4 c6 7. Qb3 a5 8. Rd1 a4 9. Qb4 dxc4 10. Qxc4 Qa5 11. e3 Be6 12. Qe2 c5 13. Bd2 Qa6 14. Qxa6 Nxa6 15. Nc3 Nb4 16. dxc5 a3 17. bxa3 Rxa3 18. Nd4 Nd3 19. Ncb5 Ra4 20. Bxb7 Nxc5 21. Bc6 Rxa2 22. Rxa2 Bxa2 23. Bb4 Ne6 24. Bxe7 Nxd4 25. exd4 Rc8 26. d5 Bb3 27. Rd2 Ne4 28. Re2 Nf6 29. Na7 Rc7 30. Nb5 Rc8 31. Nd6 Rc7 32. Bd8 Ra7 33. Nc8 Ra1+ 34. Kg2 Bxd5+ 35. Bxd5 Nxd5 36. Re8+ Bf8 37. Ne7+ Nxe7 38. Bxe7 1-0


[Site "https://www.chess.com"]

[Event "Titled Tuesday Blitz November 08 Early 2022"]
[White "Szente Varga, Fruzsina"]
[Black "Zaragatski, Ilja"]
[WhiteFideId "712264"]
[BlackFideId "4655192"]
[WhiteElo "1994"]
[BlackElo "2460"]
[Result "0-1"]
[Round "09"]
[TimeControl "180+1"]
[Date "2022.11.09"]
[WhiteClock "0:00:10"]
[BlackClock "0:00:04"]

1. e4 d5 2. exd5 Qxd5 3. Nc3 Qd8 4. d4 Nf6 5. Bc4 Bf5 6. Nf3 e6 7. Bg5 c6 8. Qd2 Bb4 9. O-O h6 10. Bxf6 Qxf6 11. a3 Ba5 12. Ne5 O-O 13. b4 Bc7 14. f4 Rd8 15. Rad1 Rxd4 16. Qxd4 Bb6 17. Kh1 Bxd4 18. Rxd4 Bxc2 19. Rf2 Bf5 20. Rfd2 Na6 21. Nxc6 bxc6 22. Bxa6 h5 23. h3 h4 24. Na4 e5 25. fxe5 Qxe5 26. Rd1 Bc2 27. Rd8+ Rxd8 28. Rxd8+ Kh7 29. Bd3+ Bxd3 30. Rxd3 a5 31. Nc5 axb4 32. axb4 Qe1+ 33. Kh2 Qxb4 34. Nd7 Qf4+ 35. Kg1 c5 36. Rd5 c4 37. Nf8+ Kh6 38. Nd7 c3 39. Rc5 Qd4+ 40. Kh2 Qxd7 41. Rc4 Qd6+ 42. Kh1 Qd1+ 0-1


[Site "https://www.chess.com"]

[Event "Titled Tuesday Blitz November 08 Early 2022"]
[White "Tang, Andrew"]
[Black "Sarana, Alexey"]
[WhiteFideId "2059630"]
[BlackFideId "24133795"]
[WhiteElo "2581"]
[BlackElo "2708"]
[Result "0-1"]
[Round "09"]
[TimeControl "180+1"]
[Date "2022.11.08"]
[WhiteClock "0:00:43"]
[BlackClock "0:00:09"]

1. d4 Nf6 2. c4 e6 3. Nc3 d5 4. cxd5 exd5 5. Bg5 c6 6. e3 Bf5 7. Qf3 Bg6 8. Bxf6 Qxf6 9. Qxf6 gxf6 10. h4 h5 11. Kd2 Nd7 12. Bd3 Bd6 13. Nge2 a5 14. Nf4 Bxf4 15. exf4 Bxd3 16. Kxd3 Nb6 17. Ne2 Nc4 18. Rab1 Kd7 19. Ng3 Rag8 20. Rhe1 Rg4 21. b3 Nd6 22. Ke3 Rxh4 23. Kf3 Rh2 24. Rg1 h4 25. Nf1 Nf5 26. Nxh2 Nxd4+ 27. Ke3 Nf5+ 28. Kd2 Rg8 29. Nf3 Rg4 30. b4 Rxf4 31. bxa5 Nd6 32. Rh1 Ra4 33. Rxh4 Rxa2+ 34. Ke1 Rxa5 35. Rf4 Ke6 36. Nd4+ Ke5 37. Rh4 Ne4 38. Nf3+ Kd6 39. Rxb7 Ra1+ 40. Ke2 Ra2+ 41. Ke3 Ra3+ 42. Kf4 Nxf2 43. Rxf7 Ne4 44. Rh8 Ra2 45. g4 Rf2 46. Rd8+ Kc5 47. Rc7 Ng5 48. Ke3 Rxf3+ 49. Ke2 Rc3 50. Rdc8 Kd6 51. Ra7 Rc4 52. Rd8+ Kc5 53. Rc7 Ne6 0-1


[Site "https://www.chess.com"]

[Event "Titled Tuesday Blitz November 08 Early 2022"]
[White "Tarnowska, Aleksandra"]
[Black "Butolo, Alexandru-Mircea"]
[WhiteFideId "1180967"]
[BlackFideId "1261649"]
[WhiteElo "1776"]
[BlackElo "1897"]
[Result "0-1"]
[Round "09"]
[TimeControl "180+1"]
[Date "2022.11.09"]
[WhiteClock "0:00:01"]
[BlackClock "0:00:18"]

1. e4 c5 2. Nf3 Nc6 3. Bb5 e6 4. O-O Nge7 5. c3 a6 6. Ba4 b5 7. Bc2 Bb7 8. d4 cxd4 9. cxd4 d5 10. e5 Ng6 11. Nc3 Be7 12. Ne2 O-O 13. a3 Qb6 14. Be3 Na5 15. Bg5 Bxg5 16. Nxg5 Rac8 17. Qd3 Rc7 18. Qh3 h6 19. Bxg6 fxg6 20. Nxe6 Bc8 21. N2f4 Rxf4 22. Qg3 Bxe6 23. Qxf4 Rf7 24. Qg3 g5 25. Rfd1 Rf4 26. Qc3 Nc6 27. Rac1 Nxd4 28. Qe3 Re4 29. Qd3 Ne2+ 30. Kh1 Nxc1 31. Rxc1 Qxf2 32. Qc3 Rc4 33. Qe1 Qxe1+ 34. Rxe1 Re4 35. Rc1 Rxe5 36. g3 d4 37. Kg1 d3 38. Rd1 Bf5 39. g4 Bh7 40. Kf2 Re2+ 41. Kf3 Rxb2 0-1


[Site "https://www.chess.com"]

[Event "Titled Tuesday Blitz November 08 Early 2022"]
[White "Tasev, Dejan"]
[Black "Orozbaev, Eldiar"]
[WhiteFideId "936618"]
[BlackFideId "13802240"]
[WhiteElo "2614"]
[BlackElo "2792"]
[Result "0-1"]
[Round "09"]
[TimeControl "180+1"]
[Date "2022.11.09"]
[WhiteClock "0:00:07"]
[BlackClock "0:00:09"]

1. e4 e6 2. d4 d5 3. Nc3 Nf6 4. e5 Nfd7 5. f4 c5 6. Nf3 Nc6 7. Be3 Qb6 8. Qd2 a6 9. Be2 Qa7 10. O-O b5 11. Nd1 cxd4 12. Nxd4 Nxd4 13. Bxd4 Bc5 14. c3 Bxd4+ 15. cxd4 Nb6 16. b3 Bd7 17. Nf2 Rc8 18. Rac1 O-O 19. Bd3 a5 20. Bb1 Rxc1 21. Rxc1 Rc8 22. Rxc8+ Nxc8 23. Qd3 g6 24. Ng4 Ne7 25. Nf6+ Kg7 26. Qc3 b4 27. Qc5 Qxc5 28. dxc5 Bb5 29. Kf2 Nc6 30. Ke3 h6 31. Ne8+ Kf8 32. Nd6 Bf1 33. Kf2 Ba6 34. g4 Ke7 35. h4 g5 36. fxg5 hxg5 37. h5 Nxe5 38. Kg3 d4 39. h6 d3 40. h7 Ng6 41. Ne4 f5 42. Nxg5 Kf6 43. Nf3 f4+ 44. Kf2 e5 45. g5+ Kg7 46. c6 e4 47. c7 Ne7 48. Ne5 e3+ 49. Ke1 d2+ 50. Kd1 Nd5 51. Kc2 Nc3 52. h8=Q+ Kxh8 0-1


[Site "https://www.chess.com"]

[Event "Titled Tuesday Blitz November 08 Early 2022"]
[White "Ter-Sahakyan, Samvel"]
[Black "Madaminov, Mukhiddin"]
[WhiteFideId "13302531"]
[BlackFideId "14210703"]
[WhiteElo "2584"]
[BlackElo "2341"]
[Result "0-1"]
[Round "09"]
[TimeControl "180+1"]
[Date "2022.11.08"]
[WhiteClock "0:00:05"]
[BlackClock "0:00:26"]

1. d4 Nf6 2. Bg5 e6 3. Nd2 d5 4. e3 Be7 5. Bd3 c5 6. c3 Nc6 7. Ngf3 h6 8. Bh4 O-O 9. O-O b6 10. Qe2 Bb7 11. Ne5 Nxe5 12. dxe5 Nd7 13. Bxe7 Qxe7 14. f4 f6 15. exf6 Rxf6 16. e4 c4 17. Bc2 Raf8 18. exd5 Qc5+ 19. Kh1 exd5 20. Nf3 Qd6 21. Nd4 Rxf4 22. Rxf4 Rxf4 23. Re1 Nc5 24. Nf5 Qe6 25. Qd2 Rxf5 26. Bxf5 Qxf5 27. h3 Ne4 28. Qe3 Bc6 29. Kg1 Qg5 30. Qf3 Qf6 31. Qe3 Qe5 32. Rf1 Bd7 33. Qf3 Nf6 34. Qd1 Bf5 35. Qd2 Be4 36. Rf2 Qg3 37. Qd4 Nh5 38. Qd2 Qg5 39. Qe1 Nf4 40. Qe3 Nd3 41. Qxg5 hxg5 42. Rd2 Kf7 43. Kh2 Kf6 44. Kg3 b5 45. a3 a5 46. Re2 b4 47. axb4 axb4 48. Rd2 b3 49. Re2 Nf4 50. Rd2 Nxg2 0-1


[Site "https://www.chess.com"]

[Event "Titled Tuesday Blitz November 08 Early 2022"]
[White "Terzi, Alexei"]
[Black "Santos Flores, Alberto"]
[WhiteFideId "13505076"]
[BlackFideId "3601234"]
[WhiteElo "2172"]
[BlackElo "2235"]
[Result "0-1"]
[Round "09"]
[TimeControl "180+1"]
[Date "2022.11.09"]
[WhiteClock "0:00:54"]
[BlackClock "0:00:17"]

1. e4 c5 2. Nc3 Nc6 3. Nge2 g6 4. d4 cxd4 5. Nxd4 Bg7 6. Be3 Nf6 7. Nxc6 bxc6 8. e5 Ng8 9. Bd4 f6 10. f4 Qa5 11. Bc4 fxe5 12. fxe5 Bxe5 13. O-O Bxd4+ 14. Qxd4 Qb6 15. Bf7+ Kd8 16. Rad1 Nf6 17. Na4 Qxd4+ 18. Rxd4 d6 19. c4 Rf8 20. g4 Bxg4 21. c5 d5 22. b4 Bf5 23. Bxd5 cxd5 24. Nc3 e6 25. b5 Rc8 26. c6 Ke7 27. Ra4 Rc7 28. Ra6 Rb8 29. a4 Rb6 30. Ra5 Ne4 31. Na2 Nd6 32. Nb4 Nc4 33. Ra6 Kd6 34. Re1 e5 35. Rc1 Be6 36. Kf2 d4 37. Ke2 e4 38. Rd1 Kc5 39. Rxb6 axb6 40. Na6+ Kd6 41. Nxc7 Kxc7 42. Rxd4 Nd6 43. Ke3 Bf5 44. Rd5 Nc4+ 45. Kd4 Nb2 46. Re5 Nxa4 47. Re7+ Kc8 48. Rxh7 Nc5 49. Ke5 e3 50. Kd4 e2 51. Re7 Ne6+ 52. Rxe6 Bxe6 53. Ke3 e1=Q+ 0-1


[Site "https://www.chess.com"]

[Event "Titled Tuesday Blitz November 08 Early 2022"]
[White "Tharushi, T H D Niklesha"]
[Black "Izuzquiza Gonzalez, Javier"]
[WhiteFideId "9918264"]
[BlackFideId "3101029"]
[WhiteElo "1596"]
[BlackElo "2034"]
[Result "1-0"]
[Round "09"]
[TimeControl "180+1"]
[Date "2022.11.09"]
[WhiteClock "0:00:36"]
[BlackClock "0:00:10"]

1. e4 c5 2. Nf3 e6 3. d4 cxd4 4. Nxd4 a6 5. Nc3 Qc7 6. Be3 Bb4 7. Qd2 Nf6 8. f3 d5 9. exd5 Nxd5 10. Nde2 Nxe3 11. Qxe3 Nd7 12. O-O-O Nf6 13. Qf4 Qxf4+ 14. Nxf4 O-O 15. Na4 e5 16. Nb6 Rb8 17. Nfd5 Nxd5 18. Nxd5 Bc5 19. b4 Bd4 20. c3 Ba7 21. Bc4 Be6 22. Ne7+ Kh8 23. Bxe6 fxe6 24. Rd7 Be3+ 25. Kb2 Bg5 26. Rhd1 Rfe8 27. Nc6 bxc6 28. Rc7 Rec8 29. Ra7 Ra8 30. Rb7 h5 31. Rdd7 Bf6 32. a4 a5 33. Kb3 axb4 34. cxb4 c5 35. b5 c4+ 36. Kb4 c3 37. Rdc7 c2 38. a5 c1=Q 39. Rxc1 Rxc1 40. a6 Rc2 41. a7 Rxg2 42. Rb8+ Kh7 43. Rxa8 Ra2 44. b6 Be7+ 45. Kb5 Rb2+ 46. Kc6 Ra2 47. b7 1-0


[Site "https://www.chess.com"]

[Event "Titled Tuesday Blitz November 08 Early 2022"]
[White "Thiel, Thomas"]
[Black "Cramling Bellon, Anna"]
[WhiteFideId "4615964"]
[BlackFideId "32009232"]
[WhiteElo "2217"]
[BlackElo "1972"]
[Result "0-1"]
[Round "09"]
[TimeControl "180+1"]
[Date "2022.11.09"]
[WhiteClock "0:02:04"]
[BlackClock "0:02:18"]

1. e4 c5 2. Nc3 Nc6 3. Bb5 Nd4 4. Bc4 e6 5. Nge2 d6 6. O-O Nf6 7. d3 Be7 8. f4 O-O 9. Nxd4 cxd4 10. Ne2 e5 11. fxe5 dxe5 12. Ng3 Be6 13. Bxe6 fxe6 14. c4 dxc3 15. bxc3 Rc8 16. Bb2 Qb6+ 17. Rf2 Ng4 0-1


[Site "https://www.chess.com"]

[Event "Titled Tuesday Blitz November 08 Early 2022"]
[White "Tifferet, Shaked"]
[Black "Krysa, Leandro"]
[WhiteFideId "2811529"]
[BlackFideId "116807"]
[WhiteElo "2484"]
[BlackElo "2707"]
[Result "1-0"]
[Round "09"]
[TimeControl "180+1"]
[Date "2022.11.09"]
[WhiteClock "0:00:10"]
[BlackClock "0:00:25"]

1. d4 g6 2. Nf3 Bg7 3. g3 c5 4. c3 Qa5 5. d5 b5 6. Bg2 d6 7. O-O Nf6 8. a4 bxa4 9. Rxa4 Qb6 10. Rh4 O-O 11. e4 Ba6 12. Re1 Nbd7 13. Nbd2 Rfe8 14. Nf1 h5 15. Ng5 Ne5 16. f4 Nd3 17. e5 Nxe1 18. Qxe1 dxe5 19. fxe5 Ng4 20. Rxg4 hxg4 21. e6 f6 22. Nf7 Rf8 23. Ne3 Rxf7 24. exf7+ Kxf7 25. Nxg4 Rd8 26. h4 Bd3 27. Nf2 c4 28. Be3 Qxb2 29. Bf3 Qb1 30. Nxd3 Qxd3 31. Bc5 Kg8 32. Be4 Rxd5 33. Bxd3 cxd3 34. Qe6+ 1-0


[Site "https://www.chess.com"]

[Event "Titled Tuesday Blitz November 08 Early 2022"]
[White "Tleptsok, Ruslan"]
[Black "Salinas Herrera, Pablo"]
[WhiteFideId "24104485"]
[BlackFideId "3407128"]
[WhiteElo "2130"]
[BlackElo "2557"]
[Result "0-1"]
[Round "09"]
[TimeControl "180+1"]
[Date "2022.11.08"]
[WhiteClock "0:00:04"]
[BlackClock "0:00:03"]

1. e4 c5 2. Nf3 e6 3. c3 d5 4. exd5 Qxd5 5. d4 Nf6 6. Be2 Be7 7. O-O O-O 8. Be3 cxd4 9. cxd4 Nc6 10. Nc3 Qd6 11. h3 Rd8 12. Rc1 Bd7 13. a3 Rac8 14. Bd3 Qb8 15. Bb1 Be8 16. Re1 b5 17. Bg5 b4 18. axb4 Nxb4 19. Ne5 Qb6 20. Be3 Nbd5 21. Nxd5 Nxd5 22. Rxc8 Rxc8 23. Qd3 g6 24. Bc1 Qb4 25. Qe4 Nf6 26. Qe3 Nd5 27. Qe4 Bf6 28. g4 Bg7 29. g5 a5 30. h4 a4 31. h5 Qe7 32. f4 a3 33. h6 Bf8 34. bxa3 Nc3 35. Qd3 Bb5 36. Qc2 Qa7 37. Be3 Ne2+ 38. Rxe2 Rxc2 39. Rxc2 Qxa3 40. Kf2 Qb3 41. Rc1 Ba6 42. Be4 Qb2+ 43. Kg3 Qe2 44. Ng4 Be7 45. Bf3 Qd3 46. Rc7 Qa3 47. Ra7 e5 48. Ra8+ Bf8 49. Nf6+ Kh8 50. Nd7 Kg8 51. Nxf8 exf4+ 52. Bxf4 f5 53. gxf6 Kf7 54. Be5 Qd3 55. Kf4 Bc4 56. Nd7 Qd2+ 57. Kg3 Qg5+ 58. Kf2 Qd2+ 59. Kg3 Qg5+ 60. Kf2 Qh4+ 61. Ke3 Qe1+ 62. Kf4 Qh4+ 63. Ke3 Qxh6+ 64. Kf2 Qh4+ 65. Ke3 Qe1+ 66. Kf4 Qh4+ 67. Ke3 Qg5+ 68. Kf2 Qd2+ 69. Kg3 Qe1+ 70. Kf4 g5+ 0-1


[Site "https://www.chess.com"]

[Event "Titled Tuesday Blitz November 08 Early 2022"]
[White "Tokhirjonova, Gulrukhbegim"]
[Black "Reprintsev, Alexander"]
[WhiteFideId "14203626"]
[BlackFideId "14100541"]
[WhiteElo "2236"]
[BlackElo "2230"]
[Result "1/2-1/2"]
[Round "09"]
[TimeControl "180+1"]
[Date "2022.11.09"]
[WhiteClock "0:00:10"]
[BlackClock "0:00:07"]

1. e4 d5 2. exd5 Qxd5 3. Nc3 Qa5 4. d4 Nf6 5. Bd2 Bg4 6. Be2 Bxe2 7. Ngxe2 e6 8. O-O c6 9. Ne4 Qd8 10. Nc5 b6 11. Nd3 Nbd7 12. c3 Bd6 13. h3 e5 14. dxe5 Nxe5 15. Ndf4 O-O 16. Nd4 Nc4 17. Bc1 Qc7 18. Nh5 Be5 19. Nxf6+ Bxf6 20. Qg4 Rad8 21. Nf5 Ne5 22. Qg3 Qd7 23. Nh6+ Kh8 24. Ng4 Nxg4 25. hxg4 Rfe8 26. Bf4 Re2 27. g5 Be7 28. Rad1 Qxd1 29. Rxd1 Rxd1+ 30. Kh2 Ree1 31. Qf3 Bf8 32. Qxc6 Kg8 33. Qa8 Rd7 34. Kg3 Re2 35. b4 Rxa2 36. c4 Rc2 37. Qc8 Rd3+ 38. f3 a5 39. bxa5 bxa5 40. Qa6 Rd4 41. Be5 Rdxc4 42. f4 Rc6 43. Qxa5 R2c5 44. Qa8 h6 45. gxh6 Rxh6 46. Kf3 Rg6 47. g4 Rcc6 48. f5 Rh6 49. g5 Rh3+ 50. Kg4 Rb3 51. Qxc6 Rb4+ 52. Kf3 Rb3+ 53. Ke4 Rb4+ 54. Kd3 Rb1 55. Kc2 Re1 56. Bc3 Re2+ 57. Kd3 Rf2 58. Qc8 Rg2 59. Bb4 Rxg5 60. Qxf8+ Kh7 61. Qc5 g6 62. Qe3 Rxf5 63. Qh3+ Kg7 64. Qe3 f6 65. Bc3 g5 66. Qa7+ Kg6 67. Qe3 Rf4 68. Bd4 Kf5 69. Qe8 Kg4 70. Qd7+ f5 71. Be3 Rf3 72. Qd4+ f4 73. Qd7+ Kg3 74. Kd2 Rxe3 75. Qf5 g4 76. Qg5 Rf3 77. Qd5 Rf2+ 78. Ke1 Rf3 79. Qg5 Re3+ 80. Kf1 Rf3+ 81. Ke2 Re3+ 82. Kf1 Rf3+ 83. Ke2 Re3+ 84. Kf1 1/2-1/2


[Site "https://www.chess.com"]

[Event "Titled Tuesday Blitz November 08 Early 2022"]
[White "Trifan, Andrei Ioan"]
[Black "Fernandez Guillen, Ernesto J."]
[WhiteFideId "12967068"]
[BlackFideId "3512428"]
[WhiteElo "2618"]
[BlackElo "2793"]
[Result "0-1"]
[Round "09"]
[TimeControl "180+1"]
[Date "2022.11.09"]
[WhiteClock "0:00:12"]
[BlackClock "0:00:18"]

1. e4 e5 2. Nf3 Nc6 3. Bc4 g6 4. d4 exd4 5. Nxd4 Bg7 6. Qf3 Qe7 7. Nxc6 bxc6 8. Bg5 Nf6 9. O-O O-O 10. Re1 h6 11. Bh4 g5 12. Bg3 d5 13. Bd3 Bg4 14. Qe3 dxe4 15. Nc3 Nd5 16. Qxe4 Qxe4 17. Nxe4 Bxb2 18. Rab1 Bd4 19. c4 Nf4 20. Bc2 Kg7 21. h4 Ne6 22. hxg5 hxg5 23. Rb7 Rac8 24. Kf1 Rh8 25. Kg1 Rh6 26. Bd6 Rch8 27. Ng3 cxd6 28. Re4 Rh4 29. c5 d5 30. Rxg4 Rxg4 31. Bf5 Rxg3 32. Bxe6 Rc3 33. Rxf7+ Kg6 34. g3 Rc1+ 35. Kg2 Re1 36. Bg4 Kxf7 0-1


[Site "https://www.chess.com"]

[Event "Titled Tuesday Blitz November 08 Early 2022"]
[White "Vargas, Mauricio"]
[Black "Fajdetic, Hrvoje"]
[WhiteFideId "4404572"]
[BlackFideId "14501945"]
[WhiteElo "2025"]
[BlackElo "2172"]
[Result "0-1"]
[Round "09"]
[TimeControl "180+1"]
[Date "2022.11.09"]
[WhiteClock "0:00:06"]
[BlackClock "0:02:02"]

1. e4 c5 2. f4 d5 3. Nc3 d4 4. Nce2 Nc6 5. d3 g6 6. Nf3 Bg7 7. h3 e5 8. g4 h5 9. g5 exf4 10. Nxf4 Nge7 11. Bg2 O-O 12. O-O Ne5 13. Qe1 Nxf3+ 14. Bxf3 Be5 15. Qh4 Qd6 16. Kg2 Bd7 17. Bxh5 gxh5 18. Nxh5 Qg6 19. Kf3 f5 20. gxf6 Bxf6 21. Nxf6+ Qxf6+ 22. Qxf6 Rxf6+ 23. Ke2 Rxf1 24. Kxf1 Bxh3+ 25. Kf2 Rf8+ 26. Ke2 Rf1 27. b3 Nc6 28. Bb2 Rxa1 29. Bxa1 Nb4 30. Kd2 Nxa2 31. Bb2 Nb4 32. Ba3 a5 33. c3 dxc3+ 34. Kxc3 Be6 35. Bc1 Kf7 36. Be3 b6 37. Bf4 Na6 0-1


[Site "https://www.chess.com"]

[Event "Titled Tuesday Blitz November 08 Early 2022"]
[White "Vidruska, Renate"]
[Black "Aqib Javaid Butt"]
[WhiteFideId "11601841"]
[BlackFideId "7801262"]
[WhiteElo "1877"]
[BlackElo "1659"]
[Result "1-0"]
[Round "09"]
[TimeControl "180+1"]
[Date "2022.11.09"]
[WhiteClock "0:01:03"]
[BlackClock "0:00:23"]

1. e4 c6 2. d4 d5 3. exd5 cxd5 4. Bd3 Nc6 5. h3 Nf6 6. Nf3 g6 7. O-O Bg7 8. c3 O-O 9. Bf4 Be6 10. Re1 Re8 11. Ne5 Nxe5 12. Bxe5 Nd7 13. Bxg7 Kxg7 14. Nd2 Nf6 15. Nf3 Rc8 16. Qa4 a6 17. Ne5 Nd7 18. f4 Nxe5 19. fxe5 Qd7 20. Qd1 Bf5 21. Qf3 Bxd3 22. Qxd3 Rc6 23. Rf1 f6 24. Rae1 Re6 25. Qg3 Qb5 26. Qg4 f5 27. Rxf5 Qxb2 28. Ref1 Qxc3 29. Rf7+ Kg8 30. Qxe6 Qxd4+ 31. Kh1 1-0


[Site "https://www.chess.com"]